AoeStats
← Cehajaa

MegaRandom

507282242Analyzed
3v3 RM · 14d ago on Sep 17, 2026· 53m 5s· 6 players
Game mode
Random Map
Map size
Normal (6 player)
Population
200
Speed
Normal
Resources
Standard
Victory
Conquest
Starting age
Dark Age
Ending age
Imperial Age
RankedLock teamsTeams togetherTeam positionsShared explorationLock speedFull tech treeHidden civsTurbo modeCheats
Victory
Defeat
🇩🇪 Hindustanis · Germany
1164
+12
🇩🇪 Burgundians · Germany
1120
+14
🇸🇮 Mongols · Slovenia
1080
+14
🇨🇳 Cumans · China
1086
-14
🇨🇳 Vietnamese · China
1061
-13
🇨🇳 Malians · China
1061
-13
彭大帅
Bbing
3:42 Loom
11:38 Feudal Age
17:01 Fletching
22:13 Castle Age
20:41 Double-Bit Axe
26:07 Town Watch
29:40 Wheelbarrow
38:09 Horse Collar
42:10 Imperial Age
43:34 Hand Cart
43:19 Town Patrol
43:56 Heavy Plow
51:11 Squires
52:42 Forging
52:38 Scale Barding Armor
拾分
3:48 Loom
15:11 Feudal Age
18:23 Fishing Lines
27:20 Castle Age
25:46 Stone Mining
25:47 Double-Bit Axe
29:40 Bow Saw
30:45 Gillnets
35:43 Medium Warships
45:07 Thumb Ring
46:33 Horse Collar
47:13 Heavy Plow
52:33 Murder Holes
52:19 Treadmill Crane
wolf_adnan
2:26 Loom
10:34 Feudal Age
15:26 Castle Age
23:03 Horse Collar
31:40 Wheelbarrow
31:10 Heavy Plow
30:59 Double-Bit Axe
32:49 Hand Cart
35:54 Imperial Age
35:05 Gold Mining
35:05 Stone Mining
36:49 Forging
36:40 Scale Mail Armor
36:32 Fletching
38:12 Bow Saw
38:53 Conscription
40:48 Chain Mail Armor
41:19 Iron Casting
43:45 Blast Furnace
Cehajaa
2:54 Loom
11:18 Feudal Age
17:30 Bloodlines
21:47 Forging
26:18 Castle Age
24:31 Double-Bit Axe
24:31 Horse Collar
27:15 Husbandry
29:10 Town Watch
31:37 Iron Casting
31:09 Scale Barding Armor
34:13 Wheelbarrow
34:45 Town Patrol
36:35 Hand Cart
37:28 Fletching
38:46 Chain Barding Armor
39:38 Ballistics
39:15 Murder Holes
39:32 Masonry
43:52 Imperial Age
42:10 Bow Saw
42:04 Heavy Plow
46:59 Elite Steppe Lancer
49:47 Blast Furnace
botox
6:22 Loom
12:21 Feudal Age
15:10 Wheelbarrow
21:48 Double-Bit Axe
25:35 Castle Age
26:00 Hand Cart
25:59 Bow Saw
29:49 Horse Collar
30:52 Gold Mining
30:52 Stone Mining
32:07 Two-Man Saw
31:28 Forging
31:23 Scale Barding Armor
31:59 Town Watch
39:31 Chain Barding Armor
39:47 Iron Casting
41:40 Burgundian Vineyards
41:44 Heavy Plow
43:09 Town Patrol
44:08 Caravan
47:00 Crop Rotation
49:57 Coinage
52:48 Padded Archer Armor
Connection lost

Rejoining the realm…

Still unreachable

The connection could not be restored.

Session expired

The server has moved on; the page needs a fresh start.